Map: Oxide LE

Players

RotterdaM - Winner!

  • Race: Protoss Protoss
  • League: Grandmaster
  • Spawn Location: 7:00

SouLeer

  • Race: Zerg Zerg
  • League: Grandmaster
  • Spawn Location: 1:00

Event: DreamHack SC2 Masters 2020 Winter

VOD

Have the link to the VOD?

Description

Time

  • Played on: Oct. 16, 2020, 2:09 p.m.
  • Length: 4:08

All games in this series

Show
View Real Time Build Order
Export as new Build Order

RotterdaM Protoss - Winner!

Build Orders: Nexus First 

Get SALT Encoding   

  12  0:00  Probe  
  13  0:12  Probe  
  14  0:18  Pylon  
  14  0:24  Probe (Chrono Boost)  
  15  0:38  Probe (Chrono Boost)  
  16  0:44  Probe (Chrono Boost)  
  17  0:52  Probe  
  18  1:04  Nexus  
  18  1:14  Gateway  
  18  1:18  Probe (Chrono Boost)  
  19  1:29  Assimilator, Probe (Chrono Boost)  
  19  1:32  Assimilator  
  20  1:33  Probe (Chrono Boost)  
  21  1:42  Pylon  
  21  1:44  Probe  
  22  1:56  Probe  
  23  2:02  Cybernetics Core  
  23  2:05  Zealot  
  25  2:09  Probe (Chrono Boost)  
  26  2:18  Probe (Chrono Boost)  
  26  2:20  Probe (Chrono Boost)  
  28  2:23  Probe (Chrono Boost)  
  28  2:28  Probe  
  30  2:35  Probe  
  31  2:40  Stargate, Probe  
  32  2:44  Adept  
  34  2:51  Shield Battery  
  34  2:53  Probe  
  35  3:07  Forge  
  36  3:14  Void Ray (Chrono Boost)  
  35  3:21  Shield Battery  
  38  3:27  Shield Battery  
  36  3:36  Shield Battery  
  36  3:42  Photon Cannon  
  36  3:49  Photon Cannon  
  36  3:52  Pylon  
  40  3:56  Pylon  
Show
View Real Time Build Order
Export as new Build Order

SouLeer Zerg 

Build Orders: Hatch First, Zergling Baneling 

Get SALT Encoding   

  12  0:00  Drone  
  13  0:12  Overlord  
  13  0:17  Drone  
  14  0:30  Drone  
  15  0:44  Hatchery  
  15  0:47  Drone  
  15  0:50  Drone  
  15  0:55  Drone  
  17  1:01  Extractor  
  16  1:11  Spawning Pool  
  16  1:14  Drone  
  16  1:18  Drone  
  17  1:21  Drone  
  18  1:31  Drone  
  19  1:43  Overlord  
  19  1:58  Queen x2  
  19  1:59  Zergling x4  
  25  2:03  Zergling x2  
  25  2:08  Metabolic Boost  
  26  2:12  Zergling x2  
  26  2:15  Zergling x2  
  28  2:18  Zergling x2  
  29  2:24  Zergling x2  
  29  2:29  Baneling Nest  
  29  2:31  Zergling x2  
  30  2:37  Zergling x2  
  30  2:39  Zergling x2  
  32  2:46  Zergling x2  
  33  2:52  Overlord  
  33  2:56  Zergling x2  
  34  3:01  Zergling x2  
  35  3:16  Baneling x5  
  35  3:18  Zergling x8  
  38  3:22  Zergling x2  
  38  3:25  Zergling x2  
  38  3:28  Baneling  
  38  3:30  Zergling x2  
  37  3:38  Zergling x4  
  38  3:42  Zergling x2  
  38  3:45  Zergling x2  
  38  3:49  Zergling x2  
  38  3:53  Baneling  
  38  3:54  Baneling  
Tags
 
Add a new tag
Caveats
  • Supply blocks, unpowered buildings, or Contaminate may cause inaccurate times.
  • Supply counts are checked every 10 seconds.